 Dungeon Sprint DCSS version 0.19-a0-1513-gf6d23ed (webtiles) character file.

58 poirepourri the Sneak (level 3, -4/16 HPs)
             Began as a Spriggan Enchanter on Sept 12, 2016.
             Splashed by an oklob sapling's acid (12 damage)
             ... in the Dungeon (Sprint IV: "Fedhas' Mad Dash").
             The game lasted 00:00:54 (329 turns).

poirepourri the Sneak (Spriggan Enchanter)           Turns: 329, Time: 00:00:55

Health: -4/16      AC: -1    Str:  4    XL:     3   Next: 76%
Magic:  10/10      EV: 20    Int: 16    God:
Gold:   40         SH:  0    Dex: 17    Spells: 4 memorised, 2 levels left

rFire  . . .     SeeInvis +     a - +1 dagger
rCold  . . .     Gourm    .     b - +1 robe
rNeg   + . .     Faith    .     (shield restricted)
rPois  .         Spirit   .     (helmet restricted)
rElec  .         Dismiss  .     (no cloak)
rCorr  .         Reflect  .     (gloves unavailable)
MR     .....     Harm     .     (boots unavailable)
Stlth  ++++...... NoTele   +    k - amulet of invisibility {+Inv}
                                (no ring)
                                i - ring of positive energy

@: corroded, very quick
A: unfitting armour, see invisible, herbivore 3, speed 3, slow metabolism 2
a: Evoke Invisibility


You were in the Dungeon.
You were not hungry.

You visited 1 branch You collected 40 gold pieces.

Inventory:

Hand Weapons
 a - a +1 dagger (weapon)
Armour
 b - a +1 robe (worn)
Jewellery
 i - a ring of positive energy (left hand)
 k - the amulet of invisibility (around neck) {+Inv}
   (You found it in the Dungeon)

   [amulet of nothing]

   It lets you turn invisible.
Scrolls
 f - a scroll of remove curse
 j - a scroll of blinking
Potions
 e - a potion of curing
 g - a potion of haste
 h - 2 potions of magic
Books
 c - a book of Maledictions

   Spells                             Type                      Level
   a - Corona                         Hexes                        1
   b - Ensorcelled Hibernation        Hexes/Ice                    2
   c - Confuse                        Hexes                        3
   d - Tukima's Dance                 Hexes                        3
   e - Dazzling Spray                 Conjuration/Hexes            3
Comestibles
 d - a bread ration


   Skills:
 + Level 1.5 Short Blades
 + Level 4.8 Dodging
 + Level 7.7 Stealth
 + Level 4.8 Spellcasting
 + Level 6.2 Hexes


You had 2 spell levels left.
You knew the following spells:

 Your Spells              Type           Power        Failure   Level  Hunger
a - Corona                Hex            ###....      1%          1    None
b - Ensorcelled Hibernat  Hex/Ice        ##....       10%         2    ##.....
c - Confuse               Hex            ###.....     4%          3    ###....
d - Tukima's Dance        Hex            ###.....     4%          3    ###....


Dungeon Overview and Level Annotations

Branches:
Dungeon (1/1)

Altars:

Annotations:
D exclusion: oklob sapling


Innate Abilities, Weirdness & Mutations

You are tiny and cannot use many weapons and most armour.
You have supernaturally acute eyesight. (SInv)
You are a herbivore.
You cover ground extremely quickly.
You need consume almost no food.


Message History

You now have 40 gold pieces (gained 6).
f - a scroll of remove curse
i - a silver ring
k - the amulet of invisibility {+Inv}
k - the amulet of invisibility (around neck) {+Inv}
i - a ring of positive energy (left hand)
Okay, then.
You start resting.
Magic restored.
You open the door.
Marking area around the oklob sapling as unsafe for travelling.
An oklob sapling comes into view.
Found 11 gold pieces.
There is an open door here.
The oklob sapling spits acid at you. The splash of acid hits you!
Ouch! That really hurt!
The acid corrodes you!
The acid burns!
Ouch! That really hurt!
You die...

##################
#<..P#.....#...†.#
#PP..'†....'.#...+
#PPPP#.....#.#...#
###############'##
+.@.# #$P$# #####


You could see an oklob sapling.

Vanquished Creatures
  An oklob sapling (D)
  A worker ant (D)
  A river rat (D)
  A rat (D)
4 creatures vanquished.

Notes
Turn   | Place    | Note
-------+----------+-------------------------------------------
     0 | D        | poirepourri the Spriggan Enchanter began the quest for the Orb.
     0 | D        | Reached XP level 1. HP: 9/9 MP: 5/5
   125 | D        | Reached skill level 5 in Stealth
   125 | D        | Reached XP level 2. HP: 13/13 MP: 5/7
   159 | D        | Learned a level 2 spell: Ensorcelled Hibernation
   161 | D        | Noticed an oklob sapling
   163 | D        | Killed an oklob sapling
   163 | D        | Reached skill level 7 in Stealth
   163 | D        | Reached skill level 5 in Hexes
   163 | D        | Reached XP level 3. HP: 16/16 MP: 7/9
   288 | D        | Learned a level 3 spell: Confuse
   292 | D        | Learned a level 3 spell: Tukima's Dance
   327 | D        | Noticed an oklob sapling
   329 | D        | Splashed by an oklob sapling's acid

Vault maps used:
D:        dungeon_sprint_fedhas

Skill      XL: |  1  2  3 |
---------------+----------+-----
Stealth        | 5 7 |  7.7
Spellcasting   | 3 4 |  4.8
Hexes          | 4 5 6 |  6.2
Dodging        | 4 |  4.8
Short Blades   | |  1.5

Action                   || total
-------------------------++-------
Melee: Dagger            ||    20
 Cast: Corona            ||     1
       Ensorcelled Hiber ||     1
  Use: Potion            ||     2
       Scroll            ||     1
 Stab: Sleeping          ||     2
Armor: Robe              ||     1
Dodge: Dodged            ||    18
